 Dungeon Crawl Stone Soup version 0.19.1 (webtiles) character file.

270 empire the Conjurer (level 6, -6/42 HPs)
             Began as a Demonspawn Fire Elementalist on Dec 22, 2016.
             Mangled by Philosophy's ghost (9 damage)
             ... on level 3 of the Dungeon.
             The game lasted 00:10:27 (4239 turns).

empire the Conjurer (Demonspawn Fire Elementalist)  Turns: 4239, Time: 00:10:27

Health: -6/42      AC:  4    Str:  8    XL:     6   Next: 1%
Magic:  1/11       EV: 12    Int: 18    God:
Gold:   74         SH:  0    Dex: 14    Spells: 2 memorised, 6 levels left

rFire  + . .     SeeInvis .     a - +0 falchion
rCold  . . .     Gourm    .     d - +0 robe
rNeg   . . .     Faith    .     (no shield)
rPois  .         Spirit   .     (helmet restricted)
rElec  .         Reflect  .     o - +0 cloak
rCorr  .         Harm     .     (no gloves)
MR     .....                    (no boots)
Stlth  ++........               (no amulet)
                                (no ring)
                                r - ring of fire

@: no status effects
A: horns 2, talons 2, rugged brown scales 1, blurry vision 1, cold resistance 1,
freezing cloud immunity
a: no special abilities


You were on level 3 of the Dungeon.
You were not hungry.

You visited 1 branch of the dungeon, and saw 3 of its levels.

You collected 74 gold pieces.

Inventory:

Hand Weapons
 a - a +0 falchion (weapon)
 b - a +0 short sword
Missiles
 e - 17 poisoned needles
 i - 12 arrows
Armour
 d - a +0 robe (worn)
 g - a +0 leather armour
 o - a +0 cloak (worn)
Jewellery
 r - a ring of fire (left hand)
Scrolls
 f - 2 scrolls of identify {unknown}
 l - a scroll of fog {unknown}
 m - a scroll of recharging {unknown}
 s - a scroll of blinking {unknown}
 t - a scroll of teleportation {unknown}
Potions
 j - a potion of cure mutation
Books
 h - a book of Flames

   Spells                             Type                      Level
   a - Flame Tongue                   Conjuration/Fire             1
   b - Throw Flame                    Conjuration/Fire             2
   c - Conjure Flame                  Conjuration/Fire             3
   d - Inner Flame                    Hexes/Fire                   3
   e - Sticky Flame                   Conjuration/Fire             4
   f - Fireball                       Conjuration/Fire             5
Comestibles
 c - a bread ration
 n - a beef jerky


   Skills:
 - Level 1.7 Dodging
 - Level 1.7 Stealth
 + Level 3.4 Spellcasting
 - Level 4.0 Conjurations
 - Level 4.0 Fire Magic


You had 6 spell levels left.
You knew the following spells:

 Your Spells              Type           Power        Failure   Level  Hunger
a - Flame Tongue          Conj/Fire      ####.        3%          1    None
b - Sticky Flame          Conj/Fire      ####....     34%         4    ####...


Dungeon Overview and Level Annotations

Branches:
Dungeon (3/15)

Altars:
Elyvilon
Makhleb
Qazlal
Ru
The Shining One

Annotations:
D:3 Philosophy's ghost, amateur CeHu; Robin


Innate Abilities, Weirdness & Mutations

You have razor-sharp toenails.
You are partially covered in rugged brown scales. (AC +1, +3% HP)
Your flesh is cold resistant. (rC+)
You are immune to freezing clouds.
You have a pair of horns on your head.
Scrolls take you a little longer to read.


Message History

You miss the bat. The bat hits you.
* * * LOW HITPOINT WARNING * * *
Philosophy's ghost misses you. Philosophy's ghost closely misses you.
You riposte.
You hit Philosophy's ghost but do no damage.
Philosophy's ghost is severely damaged.
The bat hits you but does no damage. x2
Casting: Flame Tongue
Confirm with . or Enter, or press ? or * to list all spells.
Aiming: Flame Tongue
Press: ? - help, Shift-Dir - straight line, f - bat, p - Philosophy's ghost
Aim: a bat You feel a surge of power!
The flame tongue hits the bat.
You kill the bat!
Philosophy's ghost hits you!
* * * LOW HITPOINT WARNING * * *
Philosophy's ghost says, "Ah, a second chance to prove myself in battle!"
Found a stone staircase leading down.
Philosophy's ghost hits you!
You die...

#....# #
#.#..##
#....#
#.#..#
#....#
#.# .#
######
#.# .#
#.#..#
#.#..###
#......#
#W#..#.#
#@#..#
#.# ##
...
#....
#..#..
#.>#.##
##.#.#
#.# #


You could see Philosophy's ghost.

Vanquished Creatures
  An orc wizard (D:2)
  An iron imp (D:2)
  6 gnolls
  6 adders
  An ooze (D:3)
  A dart slug (D:2)
  6 leopard geckos
  An orc (D:3)
  9 bats
  3 giant cockroaches
  13 hobgoblins
  6 jackals
  A quokka (D:3)
  A ball python (D:1)
  8 frilled lizards
  12 goblins
  10 kobolds
  5 rats
91 creatures vanquished.

Notes
Turn   | Place    | Note
-------+----------+-------------------------------------------
     0 | D:1      | empire the Demonspawn Fire Elementalist began the quest for the Orb.
     0 | D:1      | Reached XP level 1. HP: 13/13 MP: 3/3
   504 | D:1      | Gained mutation: You are partially covered in rugged brown scales. (AC +1, +3% HP) [demonic ancestry]
   504 | D:1      | Reached XP level 2. HP: 13/19 MP: 3/5
  1157 | D:1      | Gained mutation: Your flesh is cold resistant. (rC+) [demonic ancestry]
  1157 | D:1      | Reached XP level 3. HP: 24/24 MP: 4/6
  1702 | D:2      | Found a stormy altar of Qazlal.
  1713 | D:2      | Gained mutation: You have sharp toenails. [demonic ancestry]
  1713 | D:2      | Reached XP level 4. HP: 17/30 MP: 0/7
  2150 | D:2      | Learned a level 4 spell: Sticky Flame
  2159 | D:2      | Found a sacrificial altar of Ru.
  2269 | D:2      | Found a white marble altar of Elyvilon.
  2399 | D:2      | Found a faded altar of an unknown god.
  2415 | D:2      | Gained mutation: You have razor-sharp toenails. [demonic ancestry]
  2415 | D:2      | Reached XP level 5. HP: 36/36 MP: 5/8
  2499 | D:2      | Found a burning altar of Makhleb.
  3722 | D:3      | Noticed Robin
  3726 | D:3      | Noticed Philosophy's ghost (amateur CeHu)
  3806 | D:3      | Found a glowing golden altar of the Shining One.
  4216 | D:3      | Gained mutation: You are immune to freezing clouds. [demonic ancestry]
  4216 | D:3      | Reached XP level 6. HP: 39/42 MP: 8/11
  4232 | D:3      | Gained mutation: Scrolls take you a little longer to read. [potion of mutation]
  4232 | D:3      | Gained mutation: You have a pair of small horns on your head. [potion of mutation]
  4232 | D:3      | Gained mutation: You have a pair of horns on your head. [potion of mutation]
  4239 | D:3      | Mangled by Philosophy's ghost

Skill      XL: |  1  2  3  4  5 |
---------------+----------------+-----
Fire Magic     | 3 4 |  4.0
Conjurations   | 2 3 4 |  4.0
Spellcasting   | 3 |  3.4
Dodging        | |  1.7
Stealth        | |  1.7

Action                   |  1- 3 |  4- 6 || total
-------------------------+-------+-------++-------
Melee: Unarmed           |    14 |       ||    14
       Dagger            |    19 |       ||    19
       Short sword       |    21 |    62 ||    83
       Kick              |       |    20 ||    20
       Falchion          |       |    18 ||    18
 Cast: Flame Tongue      |    52 |    80 ||   132
       Sticky Flame      |       |     1 ||     1
  Use: Potion            |       |     6 ||     6
 Stab: Sleeping          |     1 |       ||     1
  Eat: Chunk             |     3 |     9 ||    12
Armor: Robe              |    22 |    31 ||    53
Dodge: Dodged            |    51 |    96 ||   147
       Rpst.: Falchion   |       |     8 ||     8
